 Seeded DCSS version 0.30.1-9-gdf580d7c3d (webtiles) character file.

Game seed: 5 (custom seed)

1387 Kazon the Grave Robber (level 8, 0/58 HPs)
             Began as a Demonspawn Necromancer on Oct 6, 2023.
             Was a Believer of Okawaru.
             Succumbed to a water moccasin's poison
             ... on level 6 of the Dungeon on Oct 10, 2023.
             The game lasted 00:26:45 (3741 turns).

Kazon the Grave Robber (Demonspawn Necromancer)     Turns: 3741, Time: 00:26:46

Health: 0/58       AC:  3    Str: 11    XL:     8   Next: 40%
Magic:  7/23       EV: 14    Int: 16    God:    Okawaru [**....]
Gold:   250        SH:  0    Dex: 20    Spells: 6/15 levels left

rFire   . . .        e - +2 dagger (vamp)
rCold   . . .        (no shield)
rNeg    . . .        a - +0 robe
rPois   .            (helmet unavailable)
rElec   .            (no cloak)
rCorr   .            (no gloves)
SInv    +            (no boots)
Will    .....        (no amulet)
Stlth   +++          p - ring of magical power
HPRegen 0.29/turn    x - +6 ring of dexterity
MPRegen 0.18/turn

%: no passive effects
@: lethally poisoned (0 -> -12)
A: antennae 3, rugged brown scales 1, powered by death 2
a: Renounce Religion, Heroism


You were on level 6 of the Dungeon.
You worshipped Okawaru.
Okawaru was pleased with you.
You visited 2 branches of the dungeon, and saw 7 of its levels.

You collected 250 gold pieces.

Inventory:

Hand Weapons
 e - a +2 vampiric dagger (weapon)
 t - a +0 hand axe of flaming
Missiles
 d - 15 stones (quivered)
 g - 3 boomerangs
 n - 3 poisoned darts
Armour
 a - a +0 robe (worn)
Magical Staves
 c - a staff of death
Jewellery
 p - a ring of magical power (left hand)
 x - a +6 ring of dexterity (right hand)
 y - an amulet of guardian spirit
Wands
 u - a wand of paralysis (7)
Scrolls
 i - a scroll of identify
 j - a scroll of teleportation
 k - a scroll of summoning {unknown}
 l - 2 scrolls of magic mapping {unknown}
 m - a scroll of blinking {unknown}
 r - a scroll of fog {unknown}
 v - a scroll of amnesia {unknown}
 w - a scroll of torment {unknown}
 C - a scroll of poison {unknown}
Potions
 b - 2 potions of magic
 f - a potion of resistance {unknown}
 h - 3 potions of curing {unknown}
 o - 2 potions of invisibility {unknown}
 q - 4 potions of flight {unknown}
 s - a potion of berserk rage
 z - 2 potions of heal wounds {unknown}
 A - a potion of lignification {unknown}
 B - a potion of attraction {unknown}


   Skills:
 * Level 2.6 Fighting
 + Level 1.1 Short Blades
 * Level 3.0 Staves
 + Level 1.8 Throwing
 + Level 1.6 Armour
 * Level 3.3 Dodging
 + Level 3.2 Stealth
 + Level 0.1 Unarmed Combat
 + Level 4.1 Spellcasting
 + Level 6.0 Necromancy
 * Level 4.2 Invocations
 * Level 3.0 Evocations


You had 6 spell levels left.
You knew the following spells:

 Your Spells              Type           Power      Damage    Failure   Level
a - Necrotise             Necr           88%        1d8       1%          1
b - Vampiric Draining     Necr           22%        2d7       4%          3
c - Agony                 Necr           22%        N/A       36%         5

Your spell library contained the following spells:

 Spells                   Type           Power      Damage    Failure   Level
 Frozen Ramparts          Ice            6%         1d1       45%         3
 Ignite Poison            Fire/Tmut/Pois 3%         N/A       45%         3
 Ice Form                 Ice/Tmut       3%         N/A       86%         4
 Sticky Flame             Conj/Fire      3%         2d3       86%         4
 Eringya's Noxious Bog    Tmut/Pois      1%         N/A       100%        6
 Ignition                 Fire           1%         3d3       100%        8
 Animate Dead             Necr           Unusable   N/A       N/A         4
 Summon Ice Beast         Ice/Summ       Unusable   N/A       N/A         4
 Summon Forest            Summ/Tloc      Unusable   N/A       N/A         5
 Summon Hydra             Summ           Unusable   N/A       N/A         7

Dungeon Overview and Level Annotations

Branches:
Dungeon (6/15)             Temple (1/1) D:4

Altars:
Dithmenos
Fedhas
Gozag
Hepliaklqana
Okawaru
Qazlal
Trog
Uskayaw
Wu Jian
Xom


Innate Abilities, Weirdness & Mutations

You have a pair of large antennae on your head. (SInv)
You are partially covered in rugged brown scales. (AC +1, +3% HP)
You regenerate health from kills.


Message History

The stone hits the water moccasin but does no damage.
Unknown command.
You hit the water moccasin. You punch the water moccasin.
The water moccasin is lightly wounded.
The water moccasin bites you!
You barely miss the water moccasin.
The water moccasin is lightly wounded.
The water moccasin bites you.
You are poisoned.
The water moccasin poisons you!
You closely miss the water moccasin.
The water moccasin is lightly wounded.
You feel very sick. The water moccasin bites you!
You are more poisoned.
The water moccasin poisons you! The water moccasin bites you!
You hit the water moccasin but do no damage.
The water moccasin is lightly wounded.
You feel very sick. The water moccasin bites you!
* * * LOW HITPOINT WARNING * * *
You hit the water moccasin.
You feel better.
The water moccasin is lightly wounded.
* * * LOW HITPOINT WARNING * * *
You feel very sick. The water moccasin bites you.
* * * LOW HITPOINT WARNING * * *
You hit the water moccasin.
The water moccasin is moderately wounded.
* * * LOW HITPOINT WARNING * * *
You feel very sick. The water moccasin barely misses you.
The water moccasin closely misses you.
You hit the water moccasin.
You feel better.
The water moccasin is heavily wounded.
* * * LOW HITPOINT WARNING * * *
You feel very sick. The water moccasin misses you.
You closely miss the water moccasin.
The water moccasin is heavily wounded.
You die...

#)#.##########.#.^_.
#.#..#####.......^^.
#.....)..'..........
###..#####..........
#..# #..........
#.<# #..........
#.## #.......... #.#
#.......... #@#
########### #S# #.#
#.# #).......
#.)...... #......oo
#.##..[.. #.# #####


You could see a water moccasin.

Vanquished Creatures
  Sigmund (D:4)
  Duvessa (D:6)
  2 black bears (D:4)
  An ogre (D:5)
  2 scorpions
  Dowan (D:6)
  3 hounds
  3 orc priests (D:6)
  A jelly (D:5)
  6 iguanas
  4 orc wizards (D:6)
  4 gnolls (D:5)
  9 adders
  2 ufetubi
  3 worms
  14 orcs
  4 bats
  9 endoplasms
  A giant cockroach (D:1)
  12 goblins
  7 hobgoblins
  11 jackals
  3 kobolds
  3 quokkas (D:4)
  6 ball pythons
  3 frilled lizards
  4 rats
120 creatures vanquished.

Notes
Turn   | Place    | Note
-------+----------+-------------------------------------------
     0 | D:1      | Kazon the Demonspawn Necromancer began the quest for the
                  | Orb.
     0 | D:1      | Reached XP level 1. HP: 13/13 MP: 3/3
    55 | D:1      | Identified a scroll of acquirement
    55 | D:1      | Acquired a staff of death
    93 | D:1      | Gained mutation: You have a pair of small antennae on your
                  | head. [demonic ancestry]
    93 | D:1      | Reached XP level 2. HP: 19/19 MP: 1/5
   435 | D:1      | Gained mutation: You are partially covered in rugged brown
                  | scales. (AC +1, +3% HP) [demonic ancestry]
   435 | D:1      | Reached XP level 3. HP: 19/24 MP: 6/6
  1068 | D:2      | Reached skill level 5 in Necromancy
  1068 | D:2      | Reached XP level 4. HP: 30/30 MP: 2/7
  1107 | D:2      | Reached skill level 1 in Staves
  1683 | D:3      | Found a blossoming altar of Fedhas.
  1768 | D:3      | Found a stormy altar of Qazlal.
  1978 | D:3      | Found a faded altar of an unknown god.
  2001 | D:3      | Identified the +2 sling "Qeuhanocyt" {speed, rElec Str-3
                  | Dex+2}
  2054 | D:4      | Found a staircase to the Ecumenical Temple.
  2062 | Temple   | Entered the Ecumenical Temple
  2078 | Temple   | Became a worshipper of Warmaster Okawaru
  2173 | D:4      | Found a hazy altar of Hepliaklqana.
  2174 | D:4      | Found a shadowy altar of Dithmenos.
  2174 | D:4      | Noticed a shadow
  2186 | D:4      | Noticed a black bear
  2201 | D:4      | Killed a black bear
  2202 | D:4      | Reached skill level 1 in Fighting
  2202 | D:4      | Reached skill level 1 in Throwing
  2202 | D:4      | Reached skill level 1 in Armour
  2202 | D:4      | Reached skill level 1 in Evocations
  2202 | D:4      | Gained mutation: You regenerate a little health from kills.
                  | [demonic ancestry]
  2202 | D:4      | Reached XP level 5. HP: 36/38 MP: 9/9
  2227 | D:4      | Noticed Sigmund
  2242 | D:4      | Killed Sigmund
  2242 | D:4      | Reached * piety under Okawaru
  2243 | D:4      | Reached skill level 1 in Invocations
  2243 | D:4      | Gained mutation: You have a pair of antennae on your head.
                  | [demonic ancestry]
  2243 | D:4      | Reached XP level 6. HP: 35/44 MP: 10/10
  2389 | D:4      | Learned a level 3 spell: Vampiric Draining
  2395 | D:4      | Learned a level 5 spell: Agony
  2405 | D:4      | Reached skill level 1 in Short Blades
  2545 | D:4      | Gained mutation: You have a pair of large antennae on your
                  | head. (SInv) [demonic ancestry]
  2545 | D:4      | Reached XP level 7. HP: 50/50 MP: 11/11
  2925 | D:5      | Entered Level 5 of the Dungeon
  3069 | D:5      | Reached ** piety under Okawaru
  3418 | D:6      | Noticed Dowan
  3420 | D:6      | Noticed Duvessa
  3427 | D:6      | Killed Duvessa
  3428 | D:6      | Gained mutation: You regenerate health from kills. [demonic
                  | ancestry]
  3428 | D:6      | Reached XP level 8. HP: 55/58 MP: 7/13
  3429 | D:6      | Killed Dowan
  3623 | D:6      | Found a shimmering altar of Xom.
  3658 | D:6      | Reached skill level 6 in Necromancy
  3740 | D:6      | HP: 2/58 [poisoned by a water moccasin]
  3741 | D:6      | Succumbed to a water moccasin's poison

Illustrated notes

Levels and vault maps discovered:
D:1:      ebering_trefoil_3fold, layout_basic, st_stairs_14, serial_bayou_ford_a
D:2:      layout_basic, hangedman_decor_growths, minmay_close_crescents
D:3:      layout_rooms, mainiacjoe_overflow_concentric_impassable,
          mainiacjoe_overflow_paths, shapermc_ecumenical_altar_acropolis,
          chequers_serial_rivers_micro_b
D:4:      layout_basic, riverfiend_overflow_shadow_ancestor,
          minmay_temple_entry_glass, uniq_sigmund
D:5:      layout_gridville
D:6:      layout_basic, xom_teletrap_fun, uniq_duvessa
Temple:   nicolae_temple_elliptical

Skill      XL: |  1  2  3  4  5  6  7  8 |
---------------+-------------------------+-----
Stealth        | 2 3 |  3.2
Necromancy     | 5 6 |  6.0
Staves         | 1 2 3 |  3.0
Dodging        | 2 3 |  3.3
Fighting       | 1 2 |  2.6
Throwing       | 1 |  1.8
Armour         | 1 |  1.6
Evocations     | 1 2 3 |  3.0
Spellcasting   | 3 4 |  4.1
Invocations    | 1 3 4 |  4.2
Short Blades   | 1 |  1.1
Unarmed Combat | |  0.1

Action                     |  1- 3 |  4- 6 |  7- 9 || total
---------------------------+-------+-------+-------++-------
  Melee: Unarmed           |    22 |       |       ||    22
         Staff             |    72 |    60 |    55 ||   187
         Dagger            |       |    45 |    76 ||   121
         Punch             |       |     1 |     3 ||     4
  Throw: Stone             |       |     1 |    22 ||    23
         Dart              |       |     2 |     8 ||    10
         Boomerang         |       |       |     1 ||     1
   Cast: Necrotise         |    38 |    34 |    49 ||   121
         Vampiric Draining |       |     4 |    19 ||    23
 Invoke: Heroism           |       |       |     1 ||     1
  Evoke: Wand              |       |     1 |       ||     1
    Use: Scroll            |     2 |     1 |     1 ||     4
   Stab: Distracted        |     1 |       |       ||     1
         Sleeping          |     2 |     1 |     4 ||     7
         Paralysed         |       |     7 |       ||     7
 Armour: Robe              |    28 |    14 |    19 ||    61
  Dodge: Dodged            |    52 |    46 |   124 ||   222
